 Dungeon Crawl Stone Soup version 0.18.1-48-g4cf74bf (webtiles) character file.

2853 Joat the Nimble (level 9, -1/41 HPs)
             Began as a Felid Transmuter on Aug 14, 2016.
             Was an Elder of Fedhas.
             Slain by a killer bee (7 damage)
             ... on level 8 of the Dungeon.
             The game lasted 01:33:02 (10951 turns).

Joat the Nimble (Felid Transmuter)                 Turns: 10951, Time: 01:33:07

Health: -1/41      AC:  2    Str:  4 (6)  XL:     9   Next: 46%
Magic:  15/17      EV: 24    Int: 13 (15) God:    Fedhas [****..]
Gold:   235        SH:  5    Dex: 16 (19) Spells: 3 memorised, 10 levels left
                                        Lives:  0   Deaths: 2

rFire  . . .     SeeInvis +       - Unarmed
rCold  + . .     Gourm    .     (armour unavailable)
rNeg   . . .     Faith    .     (shield unavailable)
rPois  .         Spirit   .     (helmet unavailable)
rElec  .         Dismiss  .     (cloak unavailable)
rCorr  .         Reflect  +     (gloves unavailable)
SustAt .         Harm     .     (boots unavailable)
MR     +....                    y - +5 amulet of reflection
Stlth  ++........               H - ring of protection from cold
                                d - ring of stealth

@: lethally poisoned (-1 -> -19), appendage, glowing, quick, somewhat resistant
to hostile enchantments, unstealthy
A: no armour, no weapons or thrown items, claws 1, fangs 3, horns 2, see
invisible, carnivore 3, speed 1, shaggy fur 2, slow metabolism 1, sharp paws
a: End Transformation, Evolution, Sunlight, Growth, Reproduction, Renounce
Religion


You were on level 8 of the Dungeon.
You worshipped Fedhas.
Fedhas was greatly pleased with you.
You were not hungry.
You had grown temporary horns.
You visited 1 branch of the dungeon, and saw 8 of its levels.

You collected 589 gold pieces.
You spent 354 gold pieces at shops.

Inventory:

Missiles
 a - 115 arrows
Jewellery
 d - a ring of stealth (left paw)
 k - an uncursed amulet of guardian spirit
 q - a +3 amulet of reflection
 y - a +5 amulet of reflection (around neck)
 H - a ring of protection from cold (right paw)
Wands
 n - a wand of random effects (37/48)
 p - a wand of slowing (34/48)
 v - a wand of slowing (26/48)
 w - a wand of iceblast (10/15)
 D - a wand of lightning (3/15)
 F - a wand of iceblast (14/15)
 L - a wand of paralysis (12/24)
 M - a wand of iceblast (3/15)
Scrolls
 e - 2 scrolls of teleportation
 m - 2 scrolls of remove curse
 t - a scroll of amnesia
 C - 2 scrolls of identify
 G - a scroll of fear
 I - 2 scrolls of blinking
 J - a scroll of fog
 K - a scroll of magic mapping
Potions
 g - a potion of might
 i - a potion of magic
 l - a potion of brilliance {unknown}
 s - 2 potions of lignification
 u - a potion of mutation
 x - a potion of flight
 z - a potion of cancellation
 B - a potion of degeneration
 E - a potion of berserk rage {unknown}
Books
 b - a book of Changes

   Spells                             Type                      Level
   a - Beastly Appendage              Transmutation                1
   b - Sticks to Snakes               Transmutation                2
   c - Spider Form                    Transmutation/Poison         3
   d - Ice Form                       Ice/Transmutation            4
   e - Blade Hands                    Transmutation                5
 A - a book of the Sky

   Spells                             Type                      Level
   a - Summon Lightning Spire         Summoning/Air                4
   b - Airstrike                      Air                          4
   c - Silence                        Hexes/Air                    5
   d - Deflect Missiles               Charms/Air                   6
   e - Conjure Ball Lightning         Conjuration/Air              6
   f - Tornado                        Air                          9
Comestibles
 c - 4 meat rations
 f - 3 slices of pizza
 o - 3 beef jerkies
 r - 8 fruits


   Skills:
 + Level 6.2 Fighting
 + Level 8.6 Dodging
 - Level 7.0 Stealth
 + Level 6.6 Unarmed Combat
 + Level 5.0 Spellcasting
 + Level 6.5 Transmutations
 * Level 2.3 Ice Magic
 - Level 4.7 Poison Magic


You had 10 spell levels left.
You knew the following spells:

 Your Spells              Type           Power        Failure   Level  Hunger
a - Beastly Appendage     Trmt           ###...       1%          1    None
b - Spider Form           Trmt/Pois      ###.......   8%          3    ###....
c - Ice Form              Ice/Trmt       ##......     34%         4    ####...


Dungeon Overview and Level Annotations

Branches:
Dungeon (8/15)             Temple (0/1) D:4
   Lair: D:8-11

Altars:
Ashenzari
Fedhas
Kikubaaqudgha
Makhleb
Pakellas
Qazlal
Trog

Shops:
D:6 *   D:7 :?[   D:8 ?


Innate Abilities, Weirdness & Mutations

You cannot wear armour.
You are incapable of wielding weapons or throwing items.
You have sharp claws.
You have razor-sharp teeth.
You have supernaturally acute eyesight.
You are carnivorous and can eat meat at any time.
You cover ground quickly.
You are covered in thick fur (AC +2).
You have a slow metabolism.
Your sharp claws are effective at attacking unaware monsters.
You have a pair of horns on your head.


Message History

You scratch the killer bee.
The killer bee is almost dead.
You feel sick. The killer bee stings you.
* * * LOW HITPOINT WARNING * * *
You are lethally poisoned!
The killer bee poisons you! You block the killer bee's attack.
The killer bee stings you.
* * * LOW HITPOINT WARNING * * *
You are more poisoned.
The killer bee poisons you! The killer bee barely misses you.
You block the killer bee's attack. The killer bee completely misses you.
Drink which item? (? for menu, Esc to quit)
It was a potion of degeneration.
There was something very wrong with that liquid.
You feel weakened.
You feel dopey.
You feel clumsy.
* * * LOW HITPOINT WARNING * * *
You feel sick. The killer bee closely misses you. The killer bee misses you.
The killer bee stings you!
You die...
Fedhas appreciates your contribution to the ecosystem.

#...#.....#......
#...#.###.#[###..
#...#.....#...)..
#......#.....#...
#..###.#.###.#...
#......#.....#...
###........#......
###.##...###.#.###..
#..@y........#......
#...yy####........#...
#.....Y# ##...###.#...
........# ........#...
.....>..#
#.......(....
........#
#.......###..
........# ....... ...
........# .... ..# ..#


You could see a sky beast and 3 killer bees.

Vanquished Creatures
  Maurice (D:8)
  A tengu conjurer (D:8)
  A two-headed ogre (D:8)
  Prince Ribbit (D:7)
  Grinder (D:5)
  Sigmund (D:5)
  A wyvern (D:6)
  A hungry ghost (D:7)
  A hippogriff (D:7)
  A water moccasin (D:7)
  A black bear (D:7)
  An orc warrior (D:6)
  2 sky beasts
  An ice beast (D:7)
  A phantom (D:8)
  2 ogres
  3 centaurs
  3 giant frogs
  Blork the orc (D:6)
  A scorpion (D:6)
  9 killer bees
  7 howler monkeys
  A centaur zombie (D:7)
  3 crimson imps
  5 hounds
  2 giant frog skeletons
  5 orc priests
  A gnoll shaman (D:8)
  A jelly (D:5)
  8 orc wizards
  A centaur skeleton (D:7)
  Ijyb (D:3)
  2 iguanas
  6 worker ants
  2 hound zombies
  Robin (D:2)
  A hound skeleton (D:4)
  8 gnolls
  10 adders
  3 shadow imps
  An ooze (D:2)
  5 worms
  3 dart slugs
  6 giant geckos
  26 orcs
  10 bats
  5 giant cockroaches
  8 hobgoblins
  9 jackals
  3 quokkas
  A ball python (D:3)
  4 giant newts
  18 goblins
  A jackal zombie (D:6)
  5 kobolds
  2 quokka skeletons (D:6)
  5 rats
215 creatures vanquished.

Vanquished Creatures (others)
  A gnoll (D:8)
  122 toadstools
123 creatures vanquished.

Grand Total: 338 creatures vanquished

Notes
Turn   | Place    | Note
--------------------------------------------------------------
     0 | D:1      | Joat the Felid Transmuter began the quest for the Orb.
     0 | D:1      | Reached XP level 1. HP: 9/9 MP: 4/4
   198 | D:1      | Reached XP level 2. HP: 2/12 MP: 6/6
  1073 | D:2      | Found a faded altar to an unknown god.
  1126 | D:2      | Reached skill level 1 in Stealth
  1126 | D:2      | Reached XP level 3. HP: 4/15 MP: 7/7
  1489 | D:2      | Reached skill level 3 in Dodging
  1574 | D:2      | Noticed Robin
  1801 | D:2      | Killed Robin
  1832 | D:2      | Reached XP level 4. HP: 15/19 MP: 8/8
  2065 | D:2      | Learned a level 3 spell: Spider Form
  2322 | D:3      | Reached XP level 5. HP: 17/22 MP: 9/9
  2327 | D:3      | Reached skill level 1 in Poison Magic
  2329 | D:3      | HP: 1/22 [orc/hand axe (6)]
  2332 | D:3      | Reached skill level 4 in Dodging
  2517 | D:3      | Noticed Ijyb
  2526 | D:3      | Killed Ijyb
  2760 | D:3      | Found a bloodstained altar of Trog.
  3177 | D:4      | Found an ancient bone altar of Kikubaaqudgha.
  3177 | D:4      | Found a blossoming altar of Fedhas.
  3193 | D:4      | Became a worshipper of Fedhas Madash
  3312 | D:4      | Gained mutation: You are covered in thick fur (AC +2). [Felid growth]
  3312 | D:4      | Reached XP level 6. HP: 27/27 MP: 7/10
  3329 | D:4      | Found an oddly glowing altar of Pakellas.
  3471 | D:4      | Found a staircase to the Ecumenical Temple.
  4077 | D:5      | Entered Level 5 of the Dungeon
  4371 | D:5      | Noticed Sigmund
  4423 | D:5      | Killed Sigmund
  4423 | D:5      | Reached skill level 5 in Dodging
  4423 | D:5      | Reached XP level 7. HP: 25/31 MP: 7/11
  4697 | D:5      | Reached * piety under Fedhas
  5159 | D:2      | Reached skill level 5 in Stealth
  5376 | D:5      | Found a shattered altar of Ashenzari.
  5803 | D:5      | Reached XP level 8. HP: 36/36 MP: 5/13
  5842 | D:5      | Learned a level 4 spell: Ice Form
  5852 | D:5      | Noticed Grinder
  5881 | D:5      | Killed Grinder
  6177 | D:6      | Reached skill level 5 in Unarmed Combat
  6298 | D:6      | Reached skill level 6 in Dodging
  6308 | D:6      | Slain by a wyvern
  6309 | D:6      | Reached XP level 7. HP: -5/32 MP: 9/12
  6459 | D:7      | Noticed a hippogriff
  6471 | D:7      | Killed a hippogriff
  6726 | D:6      | Killed a wyvern
  6726 | D:6      | Reached XP level 8. HP: 36/36 MP: 11/14
  6792 | D:6      | Reached ** piety under Fedhas
  6803 | D:6      | Found Mounloha's Off-Brand Ammunition.
  6873 | D:6      | Reached skill level 5 in Transmutations
  7236 | D:6      | Noticed Blork the orc
  7250 | D:6      | Killed Blork the orc
  7374 | D:6      | Reached skill level 7 in Dodging
  7851 | D:7      | Identified a scroll of acquirement
  8058 | D:7      | Found Heijag's Antique Armour Shoppe.
  8064 | D:7      | Noticed Prince Ribbit
  8084 | D:7      | Killed Prince Ribbit
  8084 | D:7      | Reached skill level 5 in Fighting
  8084 | D:7      | Reached XP level 9. HP: 34/40 MP: 14/16
  8839 | D:7      | Reached *** piety under Fedhas
  8873 | D:7      | Found Damyggum's Magic Scroll Boutique.
  8890 | D:7      | Bought 2 scrolls of identify for 48 gold pieces
  8890 | D:7      | Bought a scroll of blinking for 90 gold pieces
  8890 | D:7      | Bought a scroll of blinking for 90 gold pieces
  8890 | D:7      | Bought a scroll of fog for 24 gold pieces
  8890 | D:7      | Bought a scroll of identify for 24 gold pieces
  8890 | D:7      | Bought a scroll of magic mapping for 42 gold pieces
  9025 | D:7      | Found Susei's Book Emporium.
  9515 | D:8      | Found a stormy altar of Qazlal.
  9683 | D:8      | Found a burning altar of Makhleb.
  9693 | D:8      | Found Masole's Magic Scroll Emporium.
  9734 | D:8      | Bought a scroll of teleportation for 36 gold pieces
  9786 | D:8      | Reached skill level 8 in Dodging
  9791 | D:8      | Reached skill level 1 in Ice Magic
  9929 | D:8      | Noticed a tengu conjurer
  9935 | D:8      | Killed from afar by a tengu conjurer
  9936 | D:8      | Reached XP level 8. HP: -2/38 MP: 14/15
  9946 | D:8      | Killed a two-headed ogre
  9984 | D:8      | Noticed Maurice
  9997 | D:8      | Reached XP level 9. HP: 41/41 MP: 13/17
 10016 | D:8      | Killed Maurice
 10019 | D:8      | Reached **** piety under Fedhas
 10669 | D:8      | Killed a tengu conjurer
 10669 | D:8      | Reached skill level 5 in Spellcasting
 10951 | D:8      | Slain by a killer bee

Skill      XL: |  1  2  3  4  5  6  7  8  9 |
---------------+----------------------------+-----
Unarmed Combat | 4 5 6 |  6.6
Stealth        | 1 2 3 4 6 7 |  7.0
Dodging        | 3 4 5 7 8 |  8.6
Fighting       | 2 3 6 |  6.2
Poison Magic   | 1 2 3 4 |  4.7
Transmutations | 3 4 5 6 |  6.5
Spellcasting   | 4 5 |  5.0
Ice Magic      | 2 |  2.3

Action                   |  1- 3 |  4- 6 |  7- 9 || total
-------------------------+-------+-------+-------++-------
Melee: Unarmed           |    85 |   147 |   541 ||   773
       Bite              |     5 |     2 |    16 ||    23
       Punch             |     2 |     2 |     3 ||     7
       Headbutt          |       |    18 |    34 ||    52
 Cast: Beastly Appendage |       |    25 |    30 ||    55
       Spider Form       |       |     1 |    36 ||    37
Invok: Evolution         |       |       |     1 ||     1
       Sunlight          |       |       |     1 ||     1
 Abil: End Transformatio |       |       |     1 ||     1
Evoke: Wand              |       |       |     4 ||     4
  Use: Potion            |     2 |     1 |    12 ||    15
       Scroll            |       |     2 |    19 ||    21
 Stab: Sleeping          |     5 |    13 |    10 ||    28
       Distracted        |       |       |     1 ||     1
  Eat: Chunk             |     9 |     4 |     7 ||    20
Armor: Skin              |    15 |     3 |    14 ||    32
Dodge: Dodged            |    53 |    81 |   487 ||   621
Block: Other             |       |     8 |   108 ||   116
       Reflection        |       |       |     1 ||     1
